[Event "Titled Tuesday Blitz November 07 Late 2023"]
[White "Pavlidou, Ekaterini"]
[Black "Jimenez Almeida, Luis David"]
[WhiteFideId "4213262"]
[BlackFideId "22242244"]
[WhiteElo "2334"]
[BlackElo "2561"]
[Result "1-0"]
[Round "3"]
[TimeControl "180+1"]
[Date "2023.11.07"]
[WhiteClock "0:00:23"]
[BlackClock "0:00:00"]
[Board "109"]

1. d4 g6 2. e4 Bg7 3. Be3 d6 4. h4 h6 5. h5 g5 6. Qd2 Nd7 7. c4 c5 8. d5 Ngf6 9. f3 a6 10. Nc3 Qa5 11. Nh3 b5 12. cxb5 axb5 13. Bxb5 Ba6 14. Bc6 Rb8 15. a4 O-O 16. Nb5 Qxd2+ 17. Bxd2 Ne5 18. Nf2 Nxc6 19. dxc6 Bxb5 20. axb5 Rxb5 21. Bc3 Rc8 22. Ra6 Ne8 23. Nd1 Bxc3+ 24. Nxc3 Rxb2 25. O-O Nc7 26. Ra7 Kf8 27. Nd5 Ne6 28. c7 Nd4 29. Rf2 Rb1+ 30. Kh2 e6 31. Rfa2 Kg7 32. Ne7 Rxc7 33. Rxc7 Kf6 34. Ng8+ Kg7 35. Ne7 Kf6 36. Nc6 Nb5 37. Rb7 Nc3 38. Rxb1 Nxa2 39. Rd1 1-0


[Site "https://www.chess.com"]

[Event "Titled Tuesday Blitz November 07 Late 2023"]
[White "Zampronha, Wladimir Camilo"]
[Black "Lymar, Vladislav"]
[WhiteFideId "2103087"]
[BlackFideId "14162180"]
[WhiteElo "2314"]
[BlackElo "2544"]
[Result "0-1"]
[Round "3"]
[TimeControl "180+1"]
[Date "2023.11.07"]
[WhiteClock "0:00:00"]
[BlackClock "0:00:04"]
[Board "111"]

1. e4 d6 2. d4 Nf6 3. Nc3 e5 4. Nf3 Nbd7 5. Bc4 Be7 6. g4 exd4 7. Qxd4 Nc5 8. g5 Nh5 9. Rg1 Be6 10. Be3 O-O 11. O-O-O Qc8 12. Bxe6 Qxe6 13. Nd5 Rac8 14. Nd2 c6 15. Nxe7+ Qxe7 16. f3 Ne6 17. Qa4 b5 18. Qxa7 Qxa7 19. Bxa7 Ra8 20. Be3 Rxa2 21. c3 Nhf4 22. Kc2 d5 23. exd5 Nxd5 24. Rde1 Rd8 25. Nb3 Ra4 26. Bc1 Rh4 27. Rg2 g6 28. Rge2 Ndf4 29. Bxf4 Rxf4 30. Re4 Rxf3 31. h4 Rf2+ 32. R1e2 Rf5 33. Na5 c5 34. Nc6 Rd7 35. Ne5 Rd5 36. Ng4 Kg7 37. Nf6 Rd8 38. Rxe6 fxe6 39. Rxe6 h5 40. Re7+ Kf8 41. Rh7 Rd6 42. Rh6 Rdxf6 43. gxf6 Rxf6 44. Rh7 c4 45. Rb7 Rf5 46. Kd2 Rf4 47. Ke3 Rxh4 48. Rxb5 Rh2 49. Rb4 g5 50. Kf3 Kg7 51. Kg3 Re2 52. Rxc4 Rxb2 53. Rc5 Kh6 54. Rc6+ Kg7 55. Rc7+ Kf6 56. Rc6+ Ke7 57. Rc5 h4+ 58. Kg4 Rg2+ 59. Kh3 Rg3+ 60. Kh2 Kf6 61. c4 Kg6 62. Rc8 Rc3 63. c5 Kh5 64. c6 Kg4 65. c7 Rc2+ 66. Kg1 h3 67. Rh8 Rxc7 68. Kh2 Rc2+ 69. Kh1 Kg3 70. Rc8 Rxc8 0-1


[Site "https://www.chess.com"]

[Event "Titled Tuesday Blitz November 07 Late 2023"]
[White "Awoki, Daniel Teidi"]
[Black "Przybylski, Wojciech"]
[WhiteFideId "2100827"]
[BlackFideId "1117599"]
[WhiteElo "2294"]
[BlackElo "2538"]
[Result "1/2-1/2"]
[Round "3"]
[TimeControl "180+1"]
[Date "2023.11.07"]
[WhiteClock "0:00:12"]
[BlackClock "0:00:08"]
[Board "112"]

1. e4 c6 2. d4 d5 3. exd5 cxd5 4. c4 Nf6 5. Nc3 e6 6. Nf3 Be7 7. cxd5 exd5 8. Bd3 O-O 9. O-O Bg4 10. h3 Bh5 11. Re1 Nbd7 12. Bc2 Nb6 13. Bf4 Rc8 14. g4 Bg6 15. Bxg6 fxg6 16. Be5 Ne4 17. Nxe4 dxe4 18. Rxe4 Qd5 19. Re3 Nc4 20. Rc3 Nxb2 21. Qb3 Nc4 22. Rac1 b5 23. Nd2 Qf7 24. Rf3 Qd5 25. Rxf8+ Bxf8 26. Nxc4 bxc4 27. Qc3 a5 28. Rb1 Bb4 29. Qc2 c3 30. Rb3 Qc4 31. Kg2 Re8 32. Kg1 Rc8 33. a3 Be7 34. d5 Qxd5 35. Rxc3 Re8 36. Bg3 Bf6 37. Qb3 Qxb3 38. Rxb3 Re1+ 39. Kg2 Ra1 40. Bc7 a4 41. Rd3 Kf7 42. Bd6 Ke6 43. Bb4 h5 44. Rd6+ Kf7 45. gxh5 gxh5 46. Ra6 Ra2 47. Rxa4 Bd4 48. Be1 Bc5 49. Ra5 Rc2 50. a4 g5 51. Ra6 g4 52. hxg4 hxg4 53. Kg3 Rc1 54. Bd2 Rc2 55. Be3 Be7 56. Kxg4 Rc4+ 57. Kf3 Rb4 58. Ra7 Rb3 59. a5 Ke6 60. a6 Bd6 61. Rb7 Ra3 62. Rb6 Kd5 63. Rb8 Rxa6 64. Rd8 Ke6 65. Rg8 Ra4 66. Rg1 Kf7 67. Rg4 Ra3 68. Re4 Be7 69. Ke2 Ra2+ 70. Kf3 Bf6 71. Rf4 Ke6 72. Re4+ Kf5 73. Rf4+ Ke6 74. Re4+ Kd5 75. Rf4 Be5 76. Rf5 Ke6 77. Rh5 Ra8 78. Rh4 Rf8+ 79. Ke2 Re8 80. Ra4 Kf5 81. Ra5 Kg4 82. Ra4+ Kf5 83. Ra5 Kg4 84. Ra4+ Kh3 85. Re4 Re7 86. f4 Bf6 87. Rxe7 Bxe7 88. Kf3 Kh4 89. Bd4 Kh5 90. Ke4 Kg6 91. f5+ Kf7 92. Be5 Bc5 93. Kf4 Bb4 94. Ke4 Ba3 95. Kf4 Bb4 96. Ke4 Ba3 97. Kf4 Bc1+ 98. Ke4 Bd2 99. Bf4 Bc3 100. Be5 Bd2 101. Bf4 Bc3 102. Be5 Bd2 1/2-1/2


[Site "https://www.chess.com"]

[Event "Titled Tuesday Blitz November 07 Late 2023"]
[White "Tokat, Nehir"]
[Black "Tikhonov, Viacheslav"]
[WhiteFideId "34557555"]
[BlackFideId "44196407"]
[WhiteElo "2231"]
[BlackElo "2528"]
[Result "0-1"]
[Round "3"]
[TimeControl "180+1"]
[Date "2023.11.07"]
[WhiteClock "0:00:05"]
[BlackClock "0:00:10"]
[Board "114"]

1. d4 d5 2. c4 e6 3. Nf3 Nf6 4. e3 c6 5. Nc3 Bd6 6. Bd3 O-O 7. O-O Nbd7 8. e4 dxe4 9. Nxe4 Nxe4 10. Bxe4 Nf6 11. Bc2 h6 12. Qd3 b6 13. b3 Qe7 14. Bb2 Ba3 15. Bxa3 Qxa3 16. Ne5 h5 17. h3 Qd6 18. g4 Rd8 19. g5 Ne8 20. Qh7+ Kf8 21. Qxh5 Qc7 22. Qh8+ Ke7 23. Qg8 Rxd4 24. Qxf7+ Kd8 25. Rad1 c5 26. Rxd4+ cxd4 27. Qf4 Bb7 28. Qxd4+ Kc8 29. Rd1 a5 30. Bg6 Qe7 31. h4 Ra6 32. Rd2 Nc7 33. Nf7 Kb8 34. Qxg7 Ka7 35. Qd4 Qb4 36. Nd6 Bc6 37. Nc8+ Kb7 38. Nd6+ Ka7 39. c5 bxc5 40. Nc8+ Kb7 41. Qd8 Qg4+ 42. Kf1 Bb5+ 43. Ke1 Qg1# 0-1


[Site "https://www.chess.com"]

[Event "Titled Tuesday Blitz November 07 Late 2023"]
[White "a-z30"]
[Black "Bullen, Alex"]
[BlackFideId "1801627"]
[WhiteElo "2527"]
[BlackElo "2230"]
[Result "1-0"]
[Round "3"]
[TimeControl "180+1"]
[Date "2023.11.07"]
[WhiteClock "0:00:07"]
[BlackClock "0:00:00"]
[Board "115"]

1. d3 d5 2. Nf3 Nf6 3. g3 Bg4 4. Bg2 c6 5. O-O e6 6. c4 Nbd7 7. cxd5 Bxf3 8. Bxf3 cxd5 9. e4 dxe4 10. dxe4 Nc5 11. Nc3 Be7 12. b4 Nd3 13. Qa4+ Qd7 14. Qxd7+ Nxd7 15. Be3 Bxb4 16. Nb5 O-O 17. Bxa7 N3e5 18. Be2 Bc5 19. Bxc5 Nxc5 20. f4 Nc6 21. e5 Rfd8 22. Nd6 h6 23. Bf3 Nd4 24. Bg2 Ra7 25. Rfd1 Ne2+ 26. Kf2 Nc3 27. Rh1 b6 28. Ke3 Rxa2 29. Rxa2 Nxa2 30. Rb1 Rb8 31. Kd4 Nd7 32. Rb2 Nc1 33. Nc4 Rc8 34. Nxb6 Nxb6 35. Rxb6 Ne2+ 36. Ke3 Nc3 37. Rb7 Rd8 38. Be4 Nxe4 39. Kxe4 Rd1 40. h4 Re1+ 41. Kf3 Rf1+ 42. Kg4 Ra1 43. h5 Ra3 44. Rb8+ Kh7 45. Rf8 Ra7 46. Rd8 Rb7 47. Rd3 Ra7 48. Rf3 Rb7 49. Kh4 Ra7 50. g4 Rb7 51. Rd3 Ra7 52. Rd4 Rb7 53. f5 exf5 54. gxf5 Kg8 55. Kg4 Rc7 56. Kf4 Kf8 57. Ke4 Ke7 58. Ra4 Rb7 59. Kd5 Rd7+ 60. Kc6 Rd1 61. Ra7+ Ke8 62. Ra8+ Ke7 63. Rg8 Rc1+ 64. Kd5 Rd1+ 65. Ke4 Re1+ 66. Kf4 Rf1+ 67. Kg4 Re1 68. e6 fxe6 69. Rxg7+ Kf6 70. Rg6+ Kf7 71. Rxh6 exf5+ 72. Kxf5 Rf1+ 73. Kg4 Rg1+ 74. Kh4 Kg7 75. Re6 Kh7 76. Re7+ Kh8 77. Re8+ Kh7 78. Re7+ Kh8 79. Re5 Kh7 80. Rf5 Kh8 81. Rf7 Kg8 82. Ra7 Kh8 83. h6 Kg8 84. Kh5 Kh8 85. Ra8+ Kh7 86. Ra7+ Kh8 87. Ra8+ Kh7 88. Ra5 Kh8 89. Re5 Kh7 90. Re7+ Kh8 91. Re8+ Kh7 92. Re4 Kh8 93. Rh4 Kh7 94. Rf4 Kh8 95. Rf7 Kg8 96. Rd7 Kh8 97. Kh4 Kg8 98. Kh3 Rh1+ 99. Kg4 Rxh6 100. Kg5 Rh7 101. Rd8+ Kg7 102. Rc8 Rh8 103. Rc7+ Kf8 104. Kg6 Rg8+ 105. Kf6 Ke8 106. Rc8+ Kd7 107. Rxg8 1-0


[Site "https://www.chess.com"]

[Event "Titled Tuesday Blitz November 07 Late 2023"]
[White "Adel, Sara"]
[Black "Shubenkova, Veronika"]
[WhiteFideId "10616764"]
[BlackFideId "44124040"]
[WhiteElo "2209"]
[BlackElo "2526"]
[Result "0-1"]
[Round "3"]
[TimeControl "180+1"]
[Date "2023.11.07"]
[WhiteClock "0:02:49"]
[BlackClock "0:02:54"]
[Board "116"]

1. e4 c5 2. Nc3 e6 3. f4 Nc6 4. Nf3 Nf6 5. Bb5 a6 6. Bxc6 dxc6 7. e5 Nd5 8. d3 Be7 9. O-O b5 10. Ne4 Bb7 11. Be3 Nxe3 0-1


[Site "https://www.chess.com"]

[Event "Titled Tuesday Blitz November 07 Late 2023"]
[White "Silva Lucena, Cristian"]
[Black "Kniazev, Igor"]
[WhiteFideId "2232588"]
[BlackFideId "4136349"]
[WhiteElo "2523"]
[BlackElo "2191"]
[Result "1-0"]
[Round "3"]
[TimeControl "180+1"]
[Date "2023.11.07"]
[WhiteClock "0:01:29"]
[BlackClock "0:00:52"]
[Board "117"]

1. e4 e5 2. Nf3 Nf6 3. Nxe5 Nxe4 4. Qe2 Qe7 5. Qxe4 d6 6. d4 dxe5 7. dxe5 Nc6 8. Nc3 Qxe5 9. Qxe5+ Nxe5 10. Nb5 Bb4+ 11. c3 Ba5 12. Bf4 O-O 13. Bxe5 Re8 14. O-O-O Bg4 15. f3 Bxf3 16. gxf3 Rxe5 17. Nd4 Rae8 18. f4 Re4 19. f5 Bb6 20. Bg2 Rf4 21. Rhf1 Rh4 22. h3 c6 23. Rde1 Kf8 24. Rxe8+ Kxe8 25. Nf3 Rf4 26. Ne5 Ra4 27. a3 f6 28. Nxc6 Be3+ 29. Kc2 Kd7 30. Nb4 a5 31. Kb3 b5 32. Bc6+ Kc7 33. Bxb5 1-0


[Site "https://www.chess.com"]

[Event "Titled Tuesday Blitz November 07 Late 2023"]
[White "D`Arruda, Ricardo D."]
[Black "Vila Dupla, Aurelio"]
[WhiteFideId "100692"]
[BlackFideId "2203383"]
[WhiteElo "2517"]
[BlackElo "2182"]
[Result "1-0"]
[Round "3"]
[TimeControl "180+1"]
[Date "2023.11.07"]
[WhiteClock "0:01:09"]
[BlackClock "0:00:03"]
[Board "118"]

1. d4 Nf6 2. Nf3 g6 3. Nc3 d5 4. Bg5 Bg7 5. Bxf6 Bxf6 6. e4 dxe4 7. Nxe4 Bg7 8. Bc4 e6 9. O-O O-O 10. Qe2 Nc6 11. Rad1 Na5 12. Bd3 b6 13. c3 Bb7 14. Rfe1 Re8 15. h4 Nc6 16. h5 Ne7 17. h6 Bh8 18. Ne5 Nf5 19. Ng4 Bxe4 20. Bxe4 Rc8 21. Bb7 Rb8 22. Bc6 Re7 23. Be4 Nd6 24. Ne5 Nxe4 25. Nc6 Nxc3 26. bxc3 Qe8 27. Nxe7+ Qxe7 28. Rd3 Qg5 29. Qe3 Bf6 30. d5 Qxe3 31. Rexe3 Bg5 32. Rg3 Bxh6 33. dxe6 fxe6 34. Rd7 Rf8 35. Rgd3 Bf4 36. Rf3 Bd6 37. Rxf8+ Bxf8 38. Rxc7 a5 39. a4 Bc5 40. Kf1 h5 41. f3 Kf8 42. Ke2 Kg8 43. Kd3 Kf8 44. Ke4 Kg8 45. c4 Kf8 46. Ke5 Kg8 47. Kxe6 1-0


[Site "https://www.chess.com"]

[Event "Titled Tuesday Blitz November 07 Late 2023"]
[White "kalxandria"]
[Black "Tifferet, Shaked"]
[BlackFideId "2811529"]
[WhiteElo "2171"]
[BlackElo "2517"]
[Result "1/2-1/2"]
[Round "3"]
[TimeControl "180+1"]
[Date "2023.11.07"]
[WhiteClock "0:00:12"]
[BlackClock "0:00:04"]
[Board "119"]

1. e4 c5 2. Nf3 d6 3. d4 cxd4 4. Nxd4 Nf6 5. Nc3 e5 6. Nf3 Be6 7. Ng5 Nc6 8. Nxe6 fxe6 9. Bc4 Qd7 10. Bg5 Be7 11. O-O O-O 12. Bb3 Nd4 13. Bxf6 Rxf6 14. Ne2 Nxb3 15. axb3 a6 16. Qd3 Raf8 17. Rad1 Qc6 18. f3 Rh6 19. g3 Rc8 20. c3 Qb6+ 21. Kg2 Qxb3 22. Rd2 Rf6 23. f4 exf4 24. gxf4 Qc4 25. Qxc4 Rxc4 26. e5 dxe5 27. fxe5 Rxf1 28. Kxf1 Rc5 29. Rd7 Kf7 30. Rxb7 Rxe5 31. Nd4 Rh5 32. Nc6 Rxh2 33. Rxe7+ Kf6 34. Rb7 g5 35. Nd4 g4 36. Rb6 h5 37. Rxe6+ Kg5 38. Re2 Rh1+ 39. Kg2 Rb1 40. Re5+ Kh4 41. Nf5+ Kg5 42. Ng3+ Kf4 43. Rf5+ Ke3 44. b4 Rb2+ 45. Kg1 h4 46. Nf1+ Ke4 47. Rh5 h3 48. c4 Rxb4 49. Rh8 Rb1 50. c5 Rc1 51. Re8+ Kf5 52. Rf8+ Ke5 53. Kh2 Rxc5 54. Kg3 Rc4 55. Nh2 a5 56. Nxg4+ Kd6 57. Kxh3 a4 58. Ra8 Kc5 59. Ne5 Rc3+ 60. Kg4 a3 61. Kf5 Kd4 62. Rd8+ Ke3 63. Ra8 Kd2 64. Ke4 Kc2 65. Nf3 Rb3 66. Nd4+ Kb2 67. Nxb3 Kxb3 68. Kd3 a2 69. Rb8+ Ka3 70. Ra8+ Kb2 71. Kd2 a1=Q 72. Rxa1 Kxa1 1/2-1/2


[Site "https://www.chess.com"]

[Event "Titled Tuesday Blitz November 07 Late 2023"]
[White "Keleberda, Tymur"]
[Black "Petersson, Kjell"]
[WhiteFideId "14174294"]
[BlackFideId "1705148"]
[WhiteElo "2516"]
[BlackElo "2148"]
[Result "1-0"]
[Round "3"]
[TimeControl "180+1"]
[Date "2023.11.07"]
[WhiteClock "0:00:30"]
[BlackClock "0:00:05"]
[Board "120"]

1. d4 f5 2. Nf3 Nf6 3. c4 e6 4. g3 d5 5. Bg2 c6 6. O-O Bd6 7. Ne5 O-O 8. Nd2 Ne4 9. f3 Nxd2 10. Bxd2 Nd7 11. Nxd7 Bxd7 12. c5 Bc7 13. b4 e5 14. dxe5 Bxe5 15. Rb1 a6 16. Qb3 f4 17. e4 fxg3 18. exd5 gxh2+ 19. Kh1 Kh8 20. f4 Bd4 21. dxc6 Bxc6 22. Bxc6 bxc6 23. Qf3 Bxc5 24. Bc3 Bg1 25. Rbd1 Qc7 26. Be5 Qb7 27. Rd6 Rac8 28. Rfd1 Qe7 29. Qh5 Rcd8 30. Rh6 Kg8 31. Rxh7 g6 32. Qxg6+ Qg7 33. Qxg7# 1-0


[Site "https://www.chess.com"]

[Event "Titled Tuesday Blitz November 07 Late 2023"]
[White "Samarth J Rao"]
[Black "Bilan, Danila"]
[WhiteFideId "46652370"]
[BlackFideId "24161918"]
[WhiteElo "2083"]
[BlackElo "2514"]
[Result "1-0"]
[Round "3"]
[TimeControl "180+1"]
[Date "2023.11.07"]
[WhiteClock "0:00:23"]
[BlackClock "0:00:17"]
[Board "121"]

1. e4 c6 2. d4 d5 3. Nc3 b5 4. exd5 b4 5. Ne4 cxd5 6. Ng3 Nf6 7. Nf3 a5 8. Bb5+ Bd7 9. Bd3 g6 10. O-O Bg7 11. Ne5 Nc6 12. c3 Nxe5 13. dxe5 Ng4 14. cxb4 axb4 15. Be2 Nxe5 16. Qxd5 Bc6 17. Qc5 Qd5 18. Qxd5 Bxd5 19. Bb5+ Kf8 20. Bd2 Rb8 21. Rfc1 f5 22. Rc5 Be6 23. Bf4 Rxb5 24. Rxb5 Nd3 25. Bd2 Kf7 26. Bxb4 Nxb2 27. Rb7 Ra8 28. Rxe7+ Kf6 29. Rxg7 Kxg7 30. Bc3+ Kf7 31. Bxb2 Rxa2 32. Rxa2 Bxa2 33. f4 Bd5 34. Kf2 Ke6 35. Nf1 Bc4 36. Ne3 Ba2 37. h4 Bb1 38. g3 Be4 39. Be5 Bc6 40. Ke1 Bf3 41. Kd2 h6 42. Kc3 g5 43. Kd4 gxh4 44. gxh4 Be2 45. Nc2 Bf3 46. Kc5 Be4 47. Nd4+ Ke7 48. Bg7 h5 49. Nc6+ Kf7 50. Bh6 Ke6 51. Bg5 Bf3 52. Nd4+ 1-0


[Site "https://www.chess.com"]

[Event "Titled Tuesday Blitz November 07 Late 2023"]
[White "Sailer, Mike"]
[Black "Rangel, Daniel"]
[WhiteFideId "2012901"]
[BlackFideId "2124475"]
[WhiteElo "2079"]
[BlackElo "2512"]
[Result "0-1"]
[Round "3"]
[TimeControl "180+1"]
[Date "2023.11.07"]
[WhiteClock "0:00:04"]
[BlackClock "0:00:19"]
[Board "122"]

1. g3 Nf6 2. Bg2 d5 3. c4 c6 4. cxd5 cxd5 5. d4 Nc6 6. Nf3 Bf5 7. O-O e6 8. Nc3 Bd6 9. Qb3 Qe7 10. Nh4 Bg6 11. Nxg6 hxg6 12. Rd1 Ng4 13. h3 Nh6 14. e4 dxe4 15. Nxe4 Nf5 16. d5 exd5 17. Bg5 f6 18. Nxd6+ Nxd6 19. Qxd5 Nf7 20. Re1 Nfe5 21. Bf4 Rd8 22. Qb5 O-O 23. Bxe5 fxe5 24. Bxc6 bxc6 25. Qxe5 Qxe5 26. Rxe5 Rd2 27. Re7 Rfxf2 28. Rae1 Rg2+ 29. Kh1 Rh2+ 30. Kg1 Rdg2+ 31. Kf1 Rxb2 32. Rxa7 Rh1# 0-1


[Site "https://www.chess.com"]

[Event "Titled Tuesday Blitz November 07 Late 2023"]
[White "TimGrutter03"]
[Black "Vargas, Mauricio"]
[BlackFideId "4404572"]
[WhiteElo "2511"]
[BlackElo "1854"]
[Result "1-0"]
[Round "3"]
[TimeControl "180+1"]
[Date "2023.11.07"]
[WhiteClock "0:02:07"]
[BlackClock "0:00:25"]
[Board "123"]

1. Nc3 e5 2. Nf3 Nc6 3. d4 e4 4. Nxe4 d5 5. Ng3 h5 6. h4 Bg4 7. Bf4 Qf6 8. e3 O-O-O 9. Bg5 Bxf3 10. gxf3 Qg6 11. Bd3 Qd6 12. Bxd8 Qxd8 13. Qd2 Bd6 14. O-O-O Nf6 15. Nf5 Bf8 16. Rhg1 g6 17. Ng3 Nd7 18. Rh1 Nb6 19. f4 Bb4 20. c3 Bd6 21. f5 Qf6 22. fxg6 fxg6 23. e4 dxe4 24. Nxe4 Qf8 25. Nxd6+ Qxd6 26. Qg5 Rg8 27. Rde1 Na4 28. Bc4 Nxc3 29. bxc3 Qa3+ 30. Kb1 Rf8 31. Qe3 Qa4 32. Qe6+ Kb8 33. Qe8+ Rxe8 34. Rxe8+ Nd8 35. Rxd8# 1-0


[Site "https://www.chess.com"]

[Event "Titled Tuesday Blitz November 07 Late 2023"]
[White "Oliveira, Tiago Batista"]
[Black "Grigoriants, Sergey"]
[WhiteFideId "2108291"]
[BlackFideId "4130804"]
[WhiteElo "2060"]
[BlackElo "2908"]
[Result "0-1"]
[Round "3"]
[TimeControl "180+1"]
[Date "2023.11.07"]
[WhiteClock "0:00:20"]
[BlackClock "0:00:32"]
[Board "124"]

1. d4 d5 2. c4 c6 3. Nf3 Nf6 4. Qc2 dxc4 5. g3 b5 6. Bg2 Bb7 7. O-O e6 8. Rd1 Be7 9. e4 O-O 10. Nbd2 Na6 11. e5 Nb4 12. Qb1 Nfd5 13. Ne4 h6 14. a3 Nd3 15. b3 Ba6 16. Bd2 Qc7 17. Bf1 c5 18. Bxd3 cxd3 19. Qc1 cxd4 20. Qxc7 Nxc7 21. Nxd4 Nd5 22. Nc6 Bb7 23. Nxe7+ Nxe7 24. Nd6 Bd5 25. Nxb5 Bxb3 26. Re1 Nd5 27. Nc3 Nxc3 28. Bxc3 Rfd8 29. Bd2 Rac8 30. Rac1 Rc2 31. Ba5 d2 0-1


[Site "https://www.chess.com"]

[Event "Titled Tuesday Blitz November 07 Late 2023"]
[White "Herman, Daniel"]
[Black "Lamard, Guillaume"]
[WhiteFideId "30935008"]
[BlackFideId "600261"]
[WhiteElo "2407"]
[BlackElo "2636"]
[Result "0-1"]
[Round "3"]
[TimeControl "180+1"]
[Date "2023.11.07"]
[WhiteClock "0:00:00"]
[BlackClock "0:00:55"]
[Board "125"]

1. d4 Nf6 2. c4 g6 3. Nc3 Bg7 4. e4 O-O 5. Nf3 d6 6. h3 a6 7. Be3 Nbd7 8. Bd3 c5 9. d5 b5 10. cxb5 axb5 11. Bxb5 Ba6 12. Bxa6 Rxa6 13. O-O Qa5 14. Nd2 Rb8 15. Nc4 Qc7 16. a4 Rb4 17. Qd3 Qb7 18. Nb5 Raxa4 19. Rxa4 Rxa4 20. Nc3 Ra8 21. f4 Ne8 22. f5 Ne5 23. Nxe5 Bxe5 24. Qe2 Nf6 25. Nd1 Qb4 26. Nf2 Ra2 27. Nd3 Qxe4 28. Nxe5 Qxe5 29. fxg6 hxg6 30. Qf3 Rxb2 31. Bf2 Qxd5 32. Qc3 Qd2 33. Qf3 c4 34. Kh2 Qd5 35. Qa3 Qb7 36. Qg3 Ne4 37. Qf3 Qd5 38. Bd4 Rb3 39. Qf4 e5 40. Qg5 Nxg5 0-1


[Site "https://www.chess.com"]

[Event "Titled Tuesday Blitz November 07 Late 2023"]
[White "Biernacki, Mark"]
[Black "JackRodgers"]
[WhiteFideId "2082322"]
[WhiteElo "2319"]
[BlackElo "2500"]
[Result "0-1"]
[Round "3"]
[TimeControl "180+1"]
[Date "2023.11.07"]
[WhiteClock "0:00:05"]
[BlackClock "0:00:33"]
[Board "126"]

1. e4 c5 2. Nc3 g6 3. d4 cxd4 4. Qxd4 Nf6 5. Be3 Nc6 6. Qd2 Bg7 7. O-O-O Qa5 8. Kb1 Ng4 9. Nge2 Nxe3 10. Qxe3 d6 11. f3 Be6 12. h4 Rc8 13. h5 Ne5 14. Nd4 Bc4 15. hxg6 hxg6 16. Rxh8+ Bxh8 17. Qh6 Bf6 18. Nd5 Qxa2+ 19. Kc1 Bxd5 20. exd5 Nc4 21. Bxc4 Rxc4 22. c3 Qa1+ 23. Kc2 Qa4+ 24. Kc1 Bxd4 25. Rxd4 Rxd4 26. Qh8+ Kd7 27. Qxd4 Qxd4 28. cxd4 Kc7 29. Kd2 Kb6 30. b3 a5 31. Kc3 Ka6 32. Kc4 b5+ 33. Kc3 Kb6 34. f4 f5 35. g3 Kc7 36. Kd3 Kd7 37. Kc3 Ke8 38. Kd3 Kf7 39. Kc3 Kg7 40. b4 a4 41. Kd3 Kh6 42. Ke3 Kh5 43. Kf3 a3 0-1


[Site "https://www.chess.com"]

[Event "Titled Tuesday Blitz November 07 Late 2023"]
[White "Medeiros Jr, Francisco De Assis"]
[Black "Quirke, Jeffrey"]
[WhiteFideId "2114267"]
[BlackFideId "2013029"]
[WhiteElo "2492"]
[BlackElo "2252"]
[Result "1-0"]
[Round "3"]
[TimeControl "180+1"]
[Date "2023.11.07"]
[WhiteClock "0:00:54"]
[BlackClock "0:00:00"]
[Board "127"]

1. d4 d5 2. Nf3 Nf6 3. Bf4 g6 4. e3 Bg7 5. Be2 O-O 6. O-O c5 7. c3 b6 8. h3 Bb7 9. Nbd2 Nc6 10. Re1 Nd7 11. Qb3 e5 12. dxe5 Ndxe5 13. Rad1 Na5 14. Qa3 Qe7 15. Nxe5 Bxe5 16. Bxe5 Qxe5 17. b4 cxb4 18. cxb4 Nc6 19. b5 Na5 20. Nf3 Qf6 21. Nd4 Rac8 22. Rc1 Rfd8 23. Red1 Qg7 24. Bf3 Qf8 25. Qxf8+ Kxf8 26. h4 h5 27. a4 Nc4 28. Ra1 Ne5 29. Kf1 Rc3 30. a5 Rdc8 31. a6 Ba8 32. Be2 Nd7 33. g4 hxg4 34. Bxg4 R8c7 35. Bxd7 Rxd7 36. Ke2 Rdc7 37. h5 gxh5 38. Rh1 Ke7 39. Rxh5 Rc8 40. Rg1 Rd8 41. Rg7 Rc7 42. Rhh7 Kf6 43. Rg3 Re7 44. Rgh3 Rg8 45. R7h6+ 1-0


[Site "https://www.chess.com"]

[Event "Titled Tuesday Blitz November 07 Late 2023"]
[White "Ramadoss, Ashokkumar"]
[Black "Estrada Nieto, Julian"]
[WhiteFideId "5040990"]
[BlackFideId "5101018"]
[WhiteElo "2318"]
[BlackElo "2451"]
[Result "1-0"]
[Round "3"]
[TimeControl "180+1"]
[Date "2023.11.07"]
[WhiteClock "0:00:31"]
[BlackClock "0:00:00"]
[Board "128"]

1. Nf3 d5 2. c4 d4 3. b4 f6 4. d3 e5 5. a3 a5 6. b5 Nd7 7. a4 Bb4+ 8. Bd2 Bxd2+ 9. Nbxd2 Nc5 10. Nb3 Qd6 11. Nxc5 Qxc5 12. g3 Ne7 13. Bg2 O-O 14. O-O Be6 15. Nd2 Qa7 16. Rb1 Rad8 17. Qc2 f5 18. Nf3 Qc5 19. b6 c6 20. Nd2 Ra8 21. Rb2 Nc8 22. Rfb1 Ra6 23. Nb3 Qxb6 24. c5 Qd8 25. Nd2 Bd5 26. Rxb7 Bxg2 27. Kxg2 Qd5+ 28. Kg1 Ra7 29. Rb8 Raf7 30. Qc4 Qxc4 31. Nxc4 e4 32. Nxa5 exd3 33. exd3 f4 34. R1b2 fxg3 35. hxg3 h6 36. Nxc6 Ne7 37. Rxf8+ Kxf8 38. Nxe7 Rxe7 39. Rb8+ Kf7 40. c6 Re1+ 41. Kg2 Rc1 42. Rb7+ Kf6 43. c7 Rc3 44. a5 g5 45. a6 1-0


[Site "https://www.chess.com"]

[Event "Titled Tuesday Blitz November 07 Late 2023"]
[White "Sarkar, Justin"]
[Black "Jovic, Stanoje"]
[WhiteFideId "2010011"]
[BlackFideId "905020"]
[WhiteElo "2230"]
[BlackElo "2450"]
[Result "1-0"]
[Round "3"]
[TimeControl "180+1"]
[Date "2023.11.07"]
[WhiteClock "0:00:15"]
[BlackClock "0:00:00"]
[Board "129"]

1. d4 Nf6 2. c4 e6 3. g3 d5 4. Bg2 Bb4+ 5. Bd2 Be7 6. Nf3 O-O 7. O-O c6 8. Qc2 a5 9. Bf4 Nbd7 10. Rd1 a4 11. c5 b6 12. cxb6 Qxb6 13. Nc3 a3 14. b3 c5 15. e4 dxe4 16. Nxe4 Nxe4 17. Qxe4 Bb7 18. Qe2 Bf6 19. Ne5 Bxe5 20. dxe5 Bxg2 21. Kxg2 Rfd8 22. h4 h6 23. Rd6 Qb7+ 24. Qf3 Qxf3+ 25. Kxf3 Nf8 26. Rad1 Rxd6 27. exd6 Nd7 28. Ke4 f5+ 29. Kd3 Kf7 30. Kc4 e5 31. Be3 Ke6 32. Bxc5 Rc8 33. b4 e4 34. h5 Ne5+ 35. Kb3 Nd3 36. Kxa3 Nxf2 37. Bxf2 Kd7 38. Bc5 g5 39. hxg6 Rg8 40. Kb3 Rxg6 41. Rg1 Rg4 42. a4 h5 43. a5 Kc6 44. a6 Rg8 45. a7 Kb7 46. Kc4 Ka8 47. Kd5 Kb7 48. d7 Kc7 49. Ke6 Rd8 50. Bd6+ Kb7 51. Ke7 1-0


[Site "https://www.chess.com"]

[Event "Titled Tuesday Blitz November 07 Late 2023"]
[White "Bazzano, Sebastian"]
[Black "Abduzhaparov"]
[WhiteFideId "104566"]
[WhiteElo "2243"]
[BlackElo "2446"]
[Result "1-0"]
[Round "3"]
[TimeControl "180+1"]
[Date "2023.11.07"]
[WhiteClock "0:00:09"]
[BlackClock "0:00:21"]
[Board "130"]

1. d4 d6 2. e4 Nf6 3. Nc3 e5 4. Nf3 Nbd7 5. Be3 Be7 6. h3 c6 7. Qd2 b5 8. a3 Bb7 9. Bd3 a5 10. O-O b4 11. axb4 axb4 12. Ne2 c5 13. dxe5 dxe5 14. Ng3 O-O 15. Nf5 Nxe4 16. Bxe4 Bxe4 17. Rxa8 Bxa8 18. Rd1 Bc6 19. Qe2 Qe8 20. Qa6 Nb8 21. Qa7 Bxf3 22. Nxe7+ Kh8 23. gxf3 f5 24. Bxc5 Rf7 25. Qc7 Na6 26. Qxe5 Qa8 27. Nc6 Nxc5 28. Rd8+ Qxd8 29. Nxd8 Rf8 30. Qe7 Ne6 31. Nxe6 Rg8 32. Qf7 b3 33. cxb3 f4 34. Nxf4 h6 35. Qg6 Rf8 36. Ne6 Rg8 37. Kg2 h5 38. Qxh5# 1-0


[Site "https://www.chess.com"]